AoeStats
← tiger

Arena

509782046Analyzed
3v3 RM · 4d ago on Sep 28, 2026· 56m 56s· 6 players
Game mode
Random Map
Map size
Normal (6 player)
Population
200
Speed
Normal
Resources
Standard
Victory
Conquest
Starting age
Dark Age
Ending age
Imperial Age
RankedLock teamsTeams togetherTeam positionsShared explorationLock speedFull tech treeHidden civsTurbo modeCheats
Victory
Defeat
🇺🇸 Turks · United States
940
+13
🇺🇸 Franks · United States
819
+18
🇺🇸 Spanish · United States
799
+20
🇷🇺 Saxons · Russia
906
-18
🇨🇦 Italians · Canada
872
-17
🇨🇱 Ethiopians · Chile
850
-16
Noob_BoT
5:26 Loom
9:39 Feudal Age
17:38 Castle Age
16:00 Double-Bit Axe
16:06 Gold Mining
15:59 Horse Collar
17:10 Stone Mining
Kanis
11:55 Feudal Age
11:59 Loom
12:24 Double-Bit Axe
13:28 Horse Collar
18:24 Castle Age
19:47 Heavy Plow
21:38 Wheelbarrow
21:30 Bow Saw
23:27 Squires
26:35 Crossbowman
27:33 Fletching
29:47 Gold Mining
30:15 Hand Cart
29:45 Loom
33:17 Town Watch
34:57 Scale Mail Armor
41:46 Imperial Age
44:11 Elite Skirmisher
46:14 Padded Archer Armor
46:10 Bodkin Arrow
46:54 Town Patrol
48:10 Arbalester
PigBenis
10:10 Feudal Age
10:52 Loom
11:14 Double-Bit Axe
11:24 Horse Collar
19:14 Castle Age
18:22 Stone Mining
19:31 Scale Mail Armor
19:27 Gold Mining
20:24 Squires
21:07 Bow Saw
23:33 Wheelbarrow
25:16 Heavy Plow
25:54 Clerical Recruitment
26:29 Fletching
28:32 Forging
29:02 Hand Cart
32:02 Chain Mail Armor
36:54 Imperial Age
35:59 Sanctity
37:28 Ballistics
38:46 Plate Mail Armor
38:51 Iron Casting
39:48 Gold Shaft Mining
39:30 Arrowslits
40:59 Chemistry
42:20 Elite Hearth Troop
43:07 Onager
44:37 Bodkin Arrow
44:33 Shield Wall
46:03 Siege Engineers
47:22 Block Printing
47:34 Illumination
47:45 Theocracy
48:19 Redemption
49:32 Elite Skirmisher
50:18 Bracer
50:33 Thumb Ring
53:26 Padded Archer Armor
tiger
12:15 Feudal Age
16:51 Castle Age
15:53 Double-Bit Axe
16:17 Horse Collar
16:45 Gold Mining
18:48 Loom
22:46 Heavy Plow
23:02 Bow Saw
23:54 Scale Barding Armor
26:09 Stone Mining
30:38 Stone Shaft Mining
30:27 Chain Barding Armor
30:10 Padded Archer Armor
30:51 Fletching
34:37 Imperial Age
32:43 Wheelbarrow
36:20 Elite Conquistador
37:24 Conscription
39:49 Leather Archer Armor
40:43 Two-Man Saw
46:37 Hand Cart
48:33 Ring Archer Armor
53:07 Husbandry
B3Guy
6:03 Loom
11:35 Feudal Age
15:14 Castle Age
13:47 Double-Bit Axe
18:22 Bow Saw
22:22 Wheelbarrow
23:51 Hand Cart
23:22 Town Watch
26:12 Forging
26:08 Scale Barding Armor
29:23 Husbandry
30:46 Town Patrol
36:19 Iron Casting
36:05 Chain Barding Armor
43:26 Imperial Age
43:59 Gold Mining
43:59 Stone Mining
44:50 Hoardings
44:43 Conscription
44:07 Elite Throwing Axeman
46:00 Scale Mail Armor
49:17 Chain Mail Armor
51:14 Blast Furnace
50:45 Plate Mail Armor
FluxLithium
12:01 Feudal Age
13:31 Horse Collar
14:03 Double-Bit Axe
16:31 Castle Age
20:35 Imperial Age
18:33 Loom
20:24 Gold Mining
24:24 Wheelbarrow
28:48 Bow Saw
31:28 Two-Man Saw
33:29 Hand Cart
32:59 Town Watch
33:44 Padded Archer Armor
33:34 Fletching
34:30 Scale Barding Armor
34:35 Forging
36:41 Leather Archer Armor
36:23 Bodkin Arrow
39:19 Town Patrol
41:26 Bloodlines
41:16 Husbandry
41:40 Chain Barding Armor
41:55 Iron Casting
41:20 Bracer
41:52 Ring Archer Armor
46:40 Thumb Ring
46:37 Bracer
47:12 Iron Casting
47:12 Plate Barding Armor
51:13 Blast Furnace
55:30 Spies/Treason
Connection lost

Rejoining the realm…

Still unreachable

The connection could not be restored.

Session expired

The server has moved on; the page needs a fresh start.